 Dungeon Crawl Stone Soup version 0.29-a0-670-g5ff2a30383 (webtiles) character file.

Game seed: 11736631841800555077

3591 PentaManta the Marksspriggan (level 9, -9/41 HPs)
             Began as a Spriggan Hunter on June 24, 2022.
             Killed from afar by an acid dragon (28 damage)
             ... with a splash of acid
             ... on level 7 of the Dungeon.
             The game lasted 00:13:52 (9843 turns).

PentaManta the Marksspriggan (Spriggan Hunter)      Turns: 9843, Time: 00:13:52

Health: -9/41      AC:  2    Str:  7    XL:     9   Next: 85%
Magic:  10/10      EV: 38    Int: 11    God:
Gold:   424        SH:  0    Dex: 22    Spells: 8/8 levels left

rFire   . . .      SeeInvis +   a - +1 shortbow
rCold   + . .      Faith    .   (shield currently unavailable)
rNeg    . . .      Spirit   .   b - +0 robe
rPois   +          Reflect  .   (helmet restricted)
rElec   .          Harm     .   o - scarf {+Inv}
rCorr   .          Rampage  .   (gloves unavailable)
Will    +....                   (boots unavailable)
Stlth   ++........              h - amulet of the acrobat
HPRegen 0.13/turn               N - ring of poison resistance
MPRegen 0.12/turn               r - ring of protection from cold

@: acrobatic, very quick
A: very small, no large weapons, unfitting armour, see invisible, speed 3
a: Evoke Invisibility


You were on level 7 of the Dungeon.
You visited 1 branch of the dungeon, and saw 7 of its levels.

You collected 424 gold pieces.

Inventory:

Hand Weapons
 a - a +1 shortbow (weapon)
 m - the +4 flail "Ytuinul" {freeze, rElec rCorr}
   (You found it on level 2 of the Dungeon)

   It freezes those it strikes, dealing additional cold damage.
   It can also slow down cold-blooded creatures.
   rElec:     It insulates you from electricity.
   rCorr:     It protects you from acid and corrosion.
 H - a +4 mace of venom
Missiles
 C - 19 poisoned darts
 I - 2 curare-tipped darts
 K - a throwing net
Armour
 b - a +0 robe (worn)
 o - a scarf of invisibility (worn)
 y - a +0 cloak
Jewellery
 h - an amulet of the acrobat (around neck)
 r - a ring of protection from cold (right hand)
 N - a ring of poison resistance (left hand)
Wands
 f - a wand of paralysis (1)
 s - a wand of digging (2)
 F - a wand of flame (12)
 O - a wand of iceblast (6)
Scrolls
 c - 3 scrolls of immolation
 e - a scroll of silence {unknown}
 g - 2 scrolls of vulnerability {unknown}
 j - 2 scrolls of poison {unknown}
 k - a scroll of brand weapon {unknown}
 l - 4 scrolls of enchant armour {unknown}
 n - 3 scrolls of blinking {unknown}
 t - 3 scrolls of teleportation {unknown}
 u - 2 scrolls of amnesia {unknown}
 x - a scroll of fear {unknown}
 B - a scroll of enchant weapon {unknown}
 D - 2 scrolls of identify {unknown}
Potions
 d - a potion of degeneration {unknown}
 i - 4 potions of heal wounds {unknown}
 p - 3 potions of attraction {unknown}
 q - a potion of lignification {unknown}
 v - 2 potions of brilliance {unknown}
 w - a potion of mutation {unknown}
 z - 3 potions of haste {unknown}
 A - a potion of might {unknown}
 E - 2 potions of resistance {unknown}
 G - a potion of invisibility {unknown}
 J - a potion of cancellation {unknown}
 L - 2 potions of curing
 M - a potion of flight {unknown}


   Skills:
 - Level 1.5 Fighting
 - Level 16.0 Bows
 + Level 7.4 Dodging
 - Level 1.5 Stealth


You had 8 spell levels left.
You didn't know any spells.
Your spell library contained the following spells:

 Spells                   Type           Power      Damage    Failure   Level
 Beastly Appendage        Tmut           0%         N/A       34%         1
 Freeze                   Ice            0%         1d3       34%         1
 Necrotize                Necr           0%         1d4       34%         1
 Shock                    Conj/Air       0%         1d3       34%         1
 Blink                    Tloc           0%         N/A       47%         2
 Wereblood                Tmut           0%         N/A       47%         2
 Frozen Ramparts          Ice            0%         1d2       71%         3
 Lesser Beckoning         Tloc           0%         N/A       71%         3
 Spider Form              Tmut/Pois      0%         N/A       71%         3
 Swiftness                Air            0%         N/A       71%         3
 Vampiric Draining        Necr           0%         2d6       71%         3
 Airstrike                Air            0%         N/A       98%         4
 Hailstorm                Conj/Ice       0%         3d3       98%         4
 Agony                    Necr           0%         N/A       100%        5
 Manifold Assault         Tloc           0%         N/A       100%        5


Dungeon Overview and Level Annotations

Branches:
Dungeon (7/15)
 Temple: D:4-7

Altars:
Ashenzari
Elyvilon
Kikubaaqudgha
Makhleb
Nemelex Xobeh
Qazlal
Xom
The Shining One

Shops:
D:7 [

Annotations:
D:7 2 transporters, Thjof's ghost, novice HOMo


Innate Abilities, Weirdness & Mutations

You are very small and have problems with some larger weapons.
You are too small for most types of armour.
You have supernaturally acute eyesight. (SInv)
You cover ground extremely quickly. (Speed+++)


Message History

The acid dragon spits acid at you. The splash of acid misses you.
You shoot an arrow. The arrow hits the acid dragon.
The acid dragon is moderately wounded.
You shoot an arrow.
The arrow closely misses the acid dragon.
You shoot an arrow.
The arrow closely misses the acid dragon.
You shoot an arrow.
The arrow hits the acid dragon but does no damage.
The acid dragon is moderately wounded.
You shoot an arrow.
The arrow closely misses the acid dragon.
You shoot an arrow.
The arrow completely misses the acid dragon.
Press: ? - help, v - describe, . - travel
Here: an acid dragon (moderately wounded)
The floor.
You shoot an arrow. The arrow hits the acid dragon.
The acid dragon is moderately wounded.
You shoot an arrow.
The arrow closely misses the acid dragon.
You shoot an arrow.
The arrow barely misses the acid dragon.
The acid dragon spits acid at you. The splash of acid hits you!
You are too injured to fight recklessly!
You are too injured to fight recklessly!
Shoot: a) +1 shortbow
Press: ? - help, Q - select action, (/) - cycle Shift-Dir - straight line, f/p - acid dragon
Aim: an acid dragon (moderately wounded, 71% to hit)
You shoot an arrow. The killer bee buzzes angrily.
The arrow hits the acid dragon!
The acid dragon is severely wounded.
You hear an angry buzzing noise.
The acid dragon spits acid at you. The splash of acid hits you!!
Ouch! That really hurt!
You die...

###...#yy#.. #...# #......
..##..#y#.#. #...## ##....#.
......##y..#. #....##+##..[.##.
......##.#.#.####.............##D
.###..##...#...##................
†####.###y# #y###............†#..
....#..#########........##^....##
#.......###.###..........#...###
###=............@......D.....#
#...##.....##.####..........##
#..#####..###...###..........#
#..# ##.####..###......#......
..... #................#######
...## #.......##.......# ...
..##.####........# ... ...
.##.......#### #........#


You could see an acid dragon (catching breath) and a killer bee.

Vanquished Creatures
  A kobold demonologist (D:5)
  A wyvern (D:6)
  2 water moccasins (D:7)
  A sky beast (D:6)
  A black bear (D:2)
  An orc warrior (D:6)
  2 ice beasts
  5 ogres
  2 centaurs
  A phantom (D:4)
  2 kobold brigands (D:6)
  2 bullfrogs
  8 scorpions
  4 necrophages
  2 jellies (D:6)
  2 hounds (D:5)
  2 gnoll shamans
  8 orc priests
  4 iguanas
  6 orc wizards
  7 gnolls
  4 adders
  An ufetubus (D:5)
  A worm (D:2)
  A dart slug (D:3)
  18 orcs
  5 endoplasms
  4 giant cockroaches
  7 goblins
  13 hobgoblins
  3 quokkas
  5 ball pythons
  5 bats
  4 frilled lizards
  11 kobolds
  4 rats
150 creatures vanquished.

Notes
Turn   | Place    | Note
-------+----------+-------------------------------------------
     0 | D:1      | PentaManta the Spriggan Hunter began the quest for the Orb.
     0 | D:1      | Reached XP level 1. HP: 10/10 MP: 2/2
   103 | D:1      | Reached skill level 5 in Bows
   339 | D:1      | Reached XP level 2. HP: 14/14 MP: 3/3
   704 | D:1      | Reached skill level 6 in Bows
   945 | D:1      | Reached XP level 3. HP: 18/18 MP: 4/4
  1112 | D:2      | Found a faded altar of an unknown god.
  1150 | D:2      | Noticed a black bear
  1236 | D:2      | Killed a black bear
  1237 | D:2      | Reached skill level 7 in Bows
  1237 | D:2      | Reached XP level 4. HP: 17/22 MP: 5/5
  1436 | D:2      | Reached XP level 5. HP: 25/25 MP: 6/6
  1723 | D:2      | Identified the +4 flail "Ytuinul" {freeze, rElec rCorr}
  2102 | D:3      | Found a stormy altar of Qazlal.
  2307 | D:3      | Found a burning altar of Makhleb.
  2308 | D:3      | Found a white marble altar of Elyvilon.
  2661 | D:4      | Reached skill level 8 in Bows
  3029 | D:4      | Found a sparkling altar of Nemelex Xobeh.
  3069 | D:4      | Reached XP level 6. HP: 30/30 MP: 7/7
  3146 | D:4      | Reached skill level 9 in Bows
  3867 | D:4      | Reached skill level 10 in Bows
  3867 | D:4      | Reached XP level 7. HP: 22/33 MP: 8/8
  4319 | D:5      | Entered Level 5 of the Dungeon
  4384 | D:5      | Identified the +4 flail "Teifeul" {venom, Dex+4}
  5127 | D:4      | Reached skill level 11 in Bows
  5722 | D:5      | Reached skill level 12 in Bows
  5722 | D:5      | Reached XP level 8. HP: 18/37 MP: 9/9
  5961 | D:5      | Identified the +6 rapier "Leviticus" {venom, Contam rElec
                  | rF+ Str+3}
  6541 | D:5      | Found a glowing golden altar of the Shining One.
  6683 | D:5      | Noticed a kobold demonologist
  6726 | D:5      | Reached skill level 13 in Bows
  7109 | D:5      | Noticed a red devil
  7110 | D:5      | Killed a kobold demonologist
  7111 | D:5      | Reached skill level 14 in Bows
  7410 | D:6      | Reached XP level 9. HP: 41/41 MP: 10/10
  8029 | D:6      | Found a broken altar of Ashenzari.
  8097 | D:6      | Reached skill level 15 in Bows
  8437 | D:6      | Found an ancient bone altar of Kikubaaqudgha.
  8731 | D:7      | Found Boomof's Antique Armour Emporium.
  9212 | D:6      | Reached skill level 5 in Dodging
  9484 | D:7      | Found a transporter.
  9487 | D:7      | Found a transporter.
  9488 | D:7      | Noticed Thjof's ghost (novice HOMo)
  9514 | D:7      | Reached skill level 16 in Bows
  9688 | D:7      | Found a shimmering altar of Xom.
  9843 | D:7      | Killed from afar by an acid dragon

Illustrated notes

Levels and vault maps discovered:
D:1:      sevenhm_arrival_forest_fort_small_5, layout_basic, serial_forest,
          infiniplex_forest_end_double, infiniplex_forest_clump_diagonal,
          infiniplex_forest_lined_4_way, infiniplex_forest_lined_4_way,
          infiniplex_forest_end_double, infiniplex_forest_straight_5
D:2:      layout_basic, chequers_ecumenical_altar_simple_redux,
          chequers_serial_rivers_large_b, minmay_quantized
D:3:      layout_basic, mainiacjoe_overflow_brackets,
          gammafunk_temple_overflow_statue
D:4:      layout_loops_corners, mainiacjoe_overflow_six_doors_small,
          chequers_serial_rivers_room_b, minmay_bisected
D:5:      minmay_opposing_rooms, layout_loops_cross, tso_metal_star
D:6:      layout_gridville, nicolae_ashenzari_skybound,
          nicolae_overflow_crystal_walls, minmay_stone_trees_small,
          amethyst_killhole
D:7:      layout_cave_pools, kennysheep_little_box, xom_teletrap_fun,
          minmay_temple_entry_enclosed_plants, serial_shops, shop,
          gammafunk_ghost_hive, dk_noncrumbling_2, kennysheep_small_square

Skill      XL: |  1  2  3  4  5  6  7  8  9 |
---------------+----------------------------+-----
Bows           | 5 6 7 8 10 12 14 16 | 16.0
Dodging        | 7 |  7.4
Fighting       | |  1.5
Stealth        | |  1.5

Action                   |  1- 3 |  4- 6 |  7- 9 || total
-------------------------+-------+-------+-------++-------
 Fire: Shortbow          |    94 |   146 |   396 ||   636
  Use: Potion            |       |     1 |     2 ||     3
Armor: Robe              |     4 |     5 |    10 ||    19
Dodge: Dodged            |    15 |    30 |   119 ||   164

Table legend: (Time is in decaauts)
 A = Elapsed time spent in this place.
 B = Non-inter-level travel time spent in this place.
 C = Inter-level travel time spent in this place.
 D = Time resting spent in this place.
 E = Time spent auto-exploring this place.
 F = Levels seen in this place.
 G = Mean time per level.
                   A        B        C        D        E       F      G
               +--------+--------+--------+--------+--------+-----+--------+
         Total |   7808 |   7645 |    163 |   3058 |   3290 |   7 | 1115.4 |
       Dungeon |   7808 |   7645 |    163 |   3058 |   3290 |   7 | 1115.4 |
               +--------+--------+--------+--------+--------+-----+--------+

Top non-repeatable levels by time:
     D:4: 2125 daAuts
     D:5: 1898 daAuts
     D:6: 1355 daAuts
     D:2: 766 daAuts
     D:1: 667 daAuts
     D:3: 591 daAuts
     D:7: 403 daAuts
